General information
- name: BNet
- type: Ladder team game (AT/RT)
- host: Battle.net
- saver: BOOK-READER-
map: LastManStanding
- players: 8
- length: 28:53
- speed: Fast
- version: 1.26 W3XP
- replay type: Public
» download(187 KB)
Players
team 1 (winner)

»
GeneralPatton (
pink | 67 APM | 1930 actions | 28:52)
6 Dark Ranger
3 Black Arrow
1 Silence
1 Life Drain
1 Charm
4 Priestess of the Moon
2 Trueshot Aura
2 Searing Arrows
1 Dreadlord
1 Sleep
1 Death Knight
1 Death Coil
» actions
| Assign group hotkey | 84 | |
| Basic commands | 391 | |
| Build / train | 76 | |
| ESC pressed | 5 | |
| Enter build submenu | 30 | |
| Enter hero's abilities submenu | 12 | |
| Give item / drop item | 1 | |
| Right click | 349 | |
| Select / deselect | 449 | |
| Select group hotkey | 447 | |
| Use ability | 86 | |
1930 total
» units
| Wisp | 27 | |
| Archer | 11 | |
| Hippogryph | 5 | |
| Gargoyle | 1 | |
44 total
» upgrades
| Ultravision | 1 | |
| Strength of the Moon | 3 | |
| Improved Bows | 1 | |
| Hippogryph Taming | 1 | |
| Druid of the Talon Training | 2 | |
| Marksmanship | 1 | |
| Mark of the Talon | 1 | |
| Moon Armor | 1 | |
| Reinforced Hides | 1 | |
| Web | 1 | |
| Burrow | 1 | |
14 total
» buildings
| Moon Well | 7 | |
| Altar of Elders | 1 | |
| Ancient of War | 3 | |
| Tree of Ages | 1 | |
| Hunter's Hall | 2 | |
| Ancient of Wonders | 1 | |
| Ancient of Wind | 2 | |
| Tree of Eternity | 1 | |
| Tree of Life | 4 | |
| Slaughterhouse | 2 | |
| Ziggurat | 1 | |
| Ancient Protector | 3 | |
| Tomb of Relics | 1 | |
29 total
» build order
00:20 Moon Well
01:20 Altar of Elders
01:31 Moon Well
02:22 Ancient of War
02:28 Moon Well
03:09 Tree of Ages
03:14 Hunter's Hall
03:21 Moon Well
03:34 Ancient of Wonders
05:09 Moon Well
05:57 Ancient of Wind
06:01 Ancient of War
06:01 Ancient of Wind
06:29 Ancient of War
07:45 Tree of Eternity
12:21 Tree of Life
14:11 Moon Well
14:12 Moon Well
15:36 Tree of Life
19:58 Hunter's Hall
20:40 Slaughterhouse
20:40 Slaughterhouse
20:43 Ziggurat
21:16 Tree of Life
21:34 Ancient Protector
21:35 Ancient Protector
21:37 Ancient Protector
21:40 Tree of Life
25:34 Tomb of Relics
» items
DEEDOODEE1 (
yellow | 53 APM | 835 actions | 15:46)
3 Dreadlord
2 Vampiric Aura
1 Sleep
2 Death Knight
1 Death Coil
1 Death Pact
» actions
| Assign group hotkey | 13 | |
| Basic commands | 1 | |
| Build / train | 51 | |
| Enter build submenu | 13 | |
| Enter hero's abilities submenu | 5 | |
| Remove unit from queue | 1 | |
| Right click | 430 | |
| Select / deselect | 149 | |
| Select group hotkey | 139 | |
| Use ability | 33 | |
835 total
» units
» upgrades
| Cannibalize | 1 | |
| Creature Attack | 2 | |
| Creature Carapace | 2 | |
| Stone Form | 1 | |
6 total
» buildings
| Ziggurat | 5 | |
| Crypt | 2 | |
| Graveyard | 1 | |
| Halls of the Dead | 1 | |
| Altar of Darkness | 1 | |
| Black Citadel | 1 | |
| Necropolis | 2 | |
13 total
» build order
00:14 Ziggurat
00:18 Crypt
00:50 Graveyard
02:08 Halls of the Dead
02:28 Ziggurat
03:03 Ziggurat
03:14 Altar of Darkness
04:30 Black Citadel
04:50 Crypt
05:58 Ziggurat
06:59 Ziggurat
12:05 Necropolis
12:11 Necropolis
BOOK-READER- (
orange | 69 APM | 1999 actions | 28:53)
10 Dark Ranger
3 Black Arrow
3 Silence
1 Charm
3 Life Drain
» actions
| Assign group hotkey | 89 | |
| Basic commands | 11 | |
| Build / train | 76 | |
| Enter build submenu | 22 | |
| Enter hero's abilities submenu | 10 | |
| Give item / drop item | 1 | |
| Right click | 815 | |
| Select / deselect | 216 | |
| Select group hotkey | 676 | |
| Use ability | 83 | |
1999 total
» units
| Peasant | 13 | |
| Footman | 4 | |
| Goblin Shredder | 5 | |
| Gryphon Rider | 4 | |
| Siege Engine | 1 | |
| Gargoyle | 4 | |
31 total
» upgrades
| Masonry | 3 | |
| Swords | 3 | |
| Armor | 3 | |
| Animal War Training | 1 | |
| Cloud | 1 | |
| Storm Hammers | 1 | |
| Gunpowder | 1 | |
| Barrage | 1 | |
14 total
» buildings
| Altar of Kings | 1 | |
| Barracks | 1 | |
| Farm | 14 | |
| Lumber Mill | 1 | |
| Arcane Vault | 1 | |
| Town Hall | 1 | |
| Scout Tower | 14 | |
| Guard Tower | 7 | |
| Keep | 1 | |
| Blacksmith | 1 | |
| Castle | 2 | |
| Gryphon Aviary | 6 | |
| Workshop | 2 | |
| Tree of Life | 1 | |
53 total
» build order
00:14 Altar of Kings
00:20 Barracks
00:36 Farm
00:52 Farm
01:33 Farm
02:53 Lumber Mill
03:04 Farm
03:53 Arcane Vault
04:15 Town Hall
04:17 Scout Tower
04:17 Scout Tower
04:26 Scout Tower
04:27 Scout Tower
05:40 Guard Tower
06:07 Keep
06:14 Scout Tower
06:14 Scout Tower
06:15 Scout Tower
06:15 Scout Tower
06:17 Scout Tower
06:44 Blacksmith
06:46 Farm
06:46 Farm
06:47 Farm
06:47 Farm
06:50 Guard Tower
07:09 Farm
07:14 Guard Tower
07:44 Guard Tower
07:55 Scout Tower
07:55 Scout Tower
08:20 Guard Tower
08:28 Castle
08:41 Guard Tower
09:28 Guard Tower
09:35 Gryphon Aviary
09:36 Gryphon Aviary
09:38 Gryphon Aviary
09:39 Gryphon Aviary
11:53 Gryphon Aviary
11:58 Gryphon Aviary
12:34 Farm
12:35 Farm
12:36 Farm
12:36 Farm
14:19 Workshop
14:20 Workshop
27:21 Tree of Life
» items
| Scroll of Regeneration | 3 | |
| Scroll of Town Portal | 3 | |
| Orb of Fire | 1 | |
| Staff of Sanctuary | 1 | |
| Potion of Healing | 1 | |
9 total

»
imtoogood (
blue | 42 APM | 1216 actions | 28:53)
6 Dark Ranger
3 Black Arrow
2 Life Drain
1 Charm
3 Naga Sea Witch
2 Frost Arrows
1 Mana Shield
» actions
| Assign group hotkey | 8 | |
| Basic commands | 5 | |
| Build / train | 78 | |
| Enter build submenu | 29 | |
| Enter hero's abilities submenu | 10 | |
| Give item / drop item | 6 | |
| Remove unit from queue | 7 | |
| Right click | 567 | |
| Select / deselect | 384 | |
| Select group hotkey | 82 | |
| Use ability | 40 | |
1216 total
» units
| Acolyte | 7 | |
| Ghoul | 6 | |
| Goblin Shredder | 2 | |
| Frost Wyrm | 5 | |
| Gargoyle | 24 | |
44 total
» upgrades
| Creature Attack | 4 | |
| Creature Carapace | 4 | |
| Freezing Breath | 1 | |
| Burrow | | |
| Web | | |
| Stone Form | 1 | |
10 total
» buildings
| Crypt | 1 | |
| Graveyard | 1 | |
| Ziggurat | 15 | |
| Altar of Darkness | 1 | |
| Tomb of Relics | 1 | |
| Halls of the Dead | 1 | |
| Necropolis | 1 | |
| Black Citadel | 1 | |
| Sacrificial Pit | 1 | |
| Boneyard | 3 | |
| Spirit Tower | 4 | |
| Tree of Life | 1 | |
31 total
» build order
00:14 Crypt
00:26 Graveyard
00:48 Ziggurat
01:45 Altar of Darkness
02:19 Tomb of Relics
03:10 Ziggurat
03:14 Ziggurat
03:26 Halls of the Dead
06:04 Necropolis
07:41 Black Citadel
08:44 Ziggurat
08:46 Ziggurat
08:49 Ziggurat
08:52 Ziggurat
09:19 Sacrificial Pit
10:17 Boneyard
10:19 Boneyard
10:25 Boneyard
13:02 Spirit Tower
13:04 Ziggurat
13:08 Ziggurat
13:09 Ziggurat
17:45 Spirit Tower
19:36 Spirit Tower
19:40 Ziggurat
19:42 Ziggurat
26:01 Spirit Tower
27:28 Tree of Life
27:47 Ziggurat
27:50 Ziggurat
27:52 Ziggurat
team 2 (loser)
Sartel (
teal | 67 APM | 1874 actions | 27:51)
5 Keeper of the Grove
3 Entangling Roots
2 Thorns Aura
3 Demon Hunter
2 Mana Burn
1 Evasion
» actions
| Assign group hotkey | 32 | |
| Basic commands | 41 | |
| Build / train | 56 | |
| Enter build submenu | 14 | |
| Enter hero's abilities submenu | 8 | |
| Give item / drop item | 1 | |
| Right click | 734 | |
| Select / deselect | 317 | |
| Select group hotkey | 610 | |
| Use ability | 60 | |
1874 total
» units
| Wisp | 11 | |
| Archer | 6 | |
| Dryad | 8 | |
| Druid of the Claw | 6 | |
31 total
» upgrades
| Abolish Magic | 1 | |
| Druid of the Claw Training | 2 | |
| Reinforced Hides | 2 | |
| Strength of the Wild | 1 | |
| Mark of the Claw | 1 | |
7 total
» buildings
| Altar of Elders | 1 | |
| Moon Well | 6 | |
| Ancient of War | 1 | |
| Tree of Ages | 1 | |
| Hunter's Hall | 1 | |
| Ancient of Lore | 2 | |
| Ancient of Wonders | 1 | |
| Tree of Eternity | 1 | |
| Tree of Life | 2 | |
16 total
» build order
00:08 Altar of Elders
00:20 Moon Well
00:33 Ancient of War
01:39 Moon Well
02:38 Tree of Ages
03:40 Hunter's Hall
03:55 Moon Well
05:04 Ancient of Lore
05:06 Ancient of Lore
05:44 Moon Well
06:56 Ancient of Wonders
08:13 Tree of Eternity
09:40 Moon Well
12:55 Moon Well
16:50 Tree of Life
21:36 Tree of Life
» items
| Staff of Preservation | 1 | |
| Potion of Healing | 3 | |
| Orb of Venom | 1 | |
| Scroll of Town Portal | 1 | |
6 total
NeverLetYouDown (
green | 28 APM | 794 actions | 28:52)
7 Paladin
3 Devotion Aura
1 Holy Light
2 Divine Shield
1 Resurrection
» actions
| Build / train | 70 | |
| Enter build submenu | 24 | |
| Enter hero's abilities submenu | 7 | |
| Give item / drop item | 1 | |
| Remove unit from queue | 5 | |
| Right click | 244 | |
| Select / deselect | 380 | |
| Use ability | 63 | |
794 total
» units
| Peasant | 9 | |
| Footman | 10 | |
| Knight | 15 | |
| Rifleman | 7 | |
41 total
» upgrades
| Swords | 3 | |
| Defend | 1 | |
| Plating | 3 | |
| Lumber Harvesting | 1 | |
| Animal War Training | 1 | |
| Gunpowder | 1 | |
| Armor | 1 | |
11 total
» buildings
| Altar of Kings | 1 | |
| Farm | 13 | |
| Barracks | 3 | |
| Keep | 1 | |
| Blacksmith | 1 | |
| Lumber Mill | 1 | |
| Arcane Vault | 1 | |
| Castle | 1 | |
| Scout Tower | 1 | |
| Guard Tower | 1 | |
24 total
» build order
00:07 Altar of Kings
00:12 Farm
00:19 Barracks
00:55 Farm
01:40 Farm
02:21 Farm
03:24 Keep
03:51 Blacksmith
04:43 Lumber Mill
04:49 Farm
04:56 Arcane Vault
07:02 Castle
07:10 Barracks
08:09 Farm
08:12 Farm
09:04 Farm
09:17 Barracks
10:21 Farm
11:11 Farm
15:41 Farm
17:45 Farm
22:56 Farm
26:36 Scout Tower
27:24 Guard Tower
» items
| Scroll of Town Portal | 2 | |
| Scroll of Regeneration | 1 | |
3 total

»
Moncler. (
purple | 59 APM | 1579 actions | 26:50)
4 Tauren Chieftain
2 War Stomp
2 Endurance Aura
3 Shadow Hunter
2 Healing Wave
1 Hex
» actions
| Assign group hotkey | 13 | |
| Build / train | 77 | |
| Enter build submenu | 19 | |
| Enter hero's abilities submenu | 7 | |
| Give item / drop item | 1 | |
| Remove unit from queue | 1 | |
| Right click | 334 | |
| Select / deselect | 285 | |
| Select group hotkey | 726 | |
| Use ability | 116 | |
1579 total
» units
| Peon | 14 | |
| Troll Headhunter/Berserker | 3 | |
| Goblin Shredder | 4 | |
| Troll Batrider | 13 | |
| Goblin Zeppelin | 2 | |
36 total
» upgrades
| Spiked Barricades | 2 | |
| Ranged Weapons | 3 | |
| Armor | 3 | |
| Troll Regeneration | 1 | |
| Liquid Fire | 1 | |
| Berserker Upgrade | 1 | |
| Reinforced Defenses | 1 | |
| Shaman Training | 1 | |
13 total
» buildings
| Orc Burrow | 9 | |
| War Mill | 1 | |
| Altar of Storms | 1 | |
| Barracks | 2 | |
| Great Hall | 2 | |
| Stronghold | 1 | |
| Voodoo Lounge | 1 | |
| Watch Tower | 6 | |
| Fortress | 1 | |
| Beastiary | 3 | |
| Spirit Lodge | 1 | |
28 total
» build order
00:12 Orc Burrow
00:33 War Mill
01:54 Altar of Storms
02:13 Orc Burrow
02:37 Barracks
02:41 Barracks
03:09 Orc Burrow
05:37 Great Hall
06:40 Orc Burrow
06:44 Stronghold
06:49 Voodoo Lounge
07:00 Orc Burrow
08:56 Watch Tower
08:58 Watch Tower
08:59 Watch Tower
09:02 Watch Tower
09:03 Watch Tower
09:21 Fortress
10:21 Beastiary
10:24 Beastiary
10:29 Beastiary
10:32 Orc Burrow
10:35 Orc Burrow
10:36 Orc Burrow
11:07 Spirit Lodge
18:12 Orc Burrow
18:18 Great Hall
20:27 Watch Tower
» items
| Healing Salve | 1 | |
| Potion of Healing | 4 | |
| Lesser Clarity Potion | 3 | |
| Scroll of Town Portal | 3 | |
| Orb of Lightning | 1 | |
12 total
DemonsBeDriven (
red | 39 APM | 1110 actions | 28:09)
5 Demon Hunter
3 Immolation
1 Mana Burn
1 Evasion
» actions
| Basic commands | 29 | |
| Build / train | 87 | |
| Enter build submenu | 21 | |
| Enter hero's abilities submenu | 5 | |
| Give item / drop item | 1 | |
| Right click | 667 | |
| Select / deselect | 254 | |
| Use ability | 46 | |
1110 total
» units
| Wisp | 21 | |
| Centaur Outrunner | 2 | |
| Goblin Shredder | 1 | |
| Hippogryph | 37 | |
| Chimaera | 4 | |
65 total
» upgrades
| Strength of the Wild | 3 | |
| Reinforced Hides | 4 | |
| Corrosive Breath | 1 | |
| Well Spring | 1 | |
9 total
» buildings
| Altar of Elders | 1 | |
| Moon Well | 6 | |
| Tree of Ages | 1 | |
| Hunter's Hall | 1 | |
| Ancient of Wonders | 1 | |
| Tree of Eternity | 1 | |
| Ancient of Wind | 3 | |
| Chimaera Roost | 4 | |
| Tree of Life | 3 | |
| Ancient Protector | 1 | |
22 total
» build order
00:36 Altar of Elders
00:45 Moon Well
00:56 Moon Well
02:23 Tree of Ages
02:57 Moon Well
03:01 Hunter's Hall
03:15 Ancient of Wonders
04:45 Tree of Eternity
05:04 Moon Well
05:08 Ancient of Wind
06:13 Moon Well
08:07 Chimaera Roost
08:45 Tree of Life
09:13 Chimaera Roost
10:00 Chimaera Roost
11:05 Chimaera Roost
11:50 Ancient of Wind
12:41 Ancient Protector
14:04 Moon Well
16:27 Tree of Life
18:26 Tree of Life
23:33 Ancient of Wind
» items
| Orb of Venom | 1 | |
| Scroll of Town Portal | 3 | |
| Orb of Fire | 1 | |
5 total
Chat log
(01:07 / All) BOOK-READER-: new blizzard game being announced on friday woo hoo! wc4 baby
(01:26 / All) GeneralPatton: i don't believe you
(01:33 / All) NeverLetYouDown: thats beautiful
(01:35 / All) Moncler.: he's right, i played the beta
(01:41 / Allies) imtoogood: sup guys
(01:43 / All) GeneralPatton: bullshit
(01:50 / All) GeneralPatton: they're not even done with starcraft
(01:54 / All) GeneralPatton: there is no wc beta
(01:57 / All) BOOK-READER-: well i partially lied, they said it won't be in the wc, sc, or diablo universe
(02:01 / All) Moncler.: u know they can multitask, right>
(02:11 / All) imtoogood: ^
(02:11 / All) GeneralPatton: i can't multitask
(02:16 / All) NeverLetYouDown: is it gonna be called wc4
(02:28 / All) Moncler.: no its gonna be called pickachu
(02:44 / All) NeverLetYouDown: noob
(03:35 / Allies) GeneralPatton: sec
(03:36 / Allies) imtoogood: come help me pink
(05:01 / Allies) GeneralPatton: opps
(05:28 / Allies) imtoogood: anyone wood me?
(07:37 / Allies) imtoogood: yellow units?
(07:48 / Allies) imtoogood: yellow
(07:55 / Allies) imtoogood: whatere your uniyd/
(08:03 / Allies) imtoogood: yellow
(08:07 / Allies) imtoogood: what are you units
(08:10 / Allies) imtoogood: what are your units
(08:12 / Allies) imtoogood: what are your units
(08:15 / Allies) imtoogood: what are your units...
(08:25 / All) Moncler.: u got enuff towers oj?
(08:37 / All) BOOK-READER-: just take the extra precautions
(08:45 / All) Moncler.: less units tho
(08:56 / All) imtoogood: only if you suck
(08:57 / All) BOOK-READER-: if i wanted to win i would
(09:10 / Allies) imtoogood: MIVE
(09:15 / All) Moncler.: do u have a magic wand?
(09:18 / All) BOOK-READER-: i used to have a level 23 account, clear proof i was great at this game
(09:24 / All) imtoogood: lmao
(09:45 / All) Moncler.: do u often fap about ur previous level?
(10:41 / Allies) imtoogood: wtf is yellow doing///
(10:53 / Allies) BOOK-READER-: BEARS
(11:34 / Allies) BOOK-READER-: what dropped
(11:39 / Allies) imtoogood: mask death and claws
(11:41 / Allies) imtoogood: i got
(11:43 / Allies) imtoogood: no worries
(12:20 / Allies) imtoogood: shitload frosites puming
(12:50 / Allies) BOOK-READER-: come
(13:53 / Allies) imtoogood: upgrade those gargoyles man...
(15:07 / Allies) GeneralPatton: opps
(15:21 / Allies) GeneralPatton: i need 300 gold plz
(15:34 / Allies) GeneralPatton: ty
(15:51 / All) Sartel: gg
(15:52 / All) BOOK-READER-: what cry babies
(15:56 / Allies) imtoogood: dont leave
(16:03 / Allies) imtoogood: yellow sucks dick anyway
(16:56 / All) Moncler.: teehee
(17:20 / All) BOOK-READER-: try hard red to the rescue
(18:00 / Allies) BOOK-READER-: focus bears
(18:07 / Allies) GeneralPatton: i'll get dryds
(18:27 / All) imtoogood: rofl
(19:29 / Allies) BOOK-READER-: pink ignore it jesus
(19:59 / Allies) BOOK-READER-: SEE PINK
(22:07 / Allies) GeneralPatton: come
(22:34 / Allies) BOOK-READER-: WHY ARE U GOING BACK
(22:40 / Allies) imtoogood: to heal
(23:12 / Allies) GeneralPatton: i'll get dryds
(23:44 / All) imtoogood: just leave
(25:03 / Allies) imtoogood: STOP TAKING YELLOWS UNITS
(25:04 / Allies) imtoogood: jesus
(25:12 / Allies) BOOK-READER-: hes a dumb nigger
(25:14 / Allies) BOOK-READER-: pink
(25:54 / Allies) BOOK-READER-: ok sip this base
(26:13 / All) Sartel: purp talking shit, then dodging 1v1
(26:14 / All) Sartel: gg
(26:19 / All) BOOK-READER-: LOL
(26:21 / All) BOOK-READER-: details?
(26:43 / All) GeneralPatton: LOL
(27:36 / Allies) imtoogood: tim to make hippos
(28:28 / All) imtoogood: lol at this noob game
(28:34 / All) BOOK-READER-: yes
(28:49 / All) BOOK-READER-: average 35 apm prob